 Dungeon Crawl Stone Soup version 0.22.1-2-g9c5b331 (console) character file.

42 utis the Chiller (level 3, 19/19 HPs)
             Began as a Deep Elf Ice Elementalist on Nov 17, 2018.
             Quit the game on level 2 of the Dungeon.
             The game lasted 00:04:24 (1657 turns).

utis the Chiller (Deep Elf Ice Elementalist)        Turns: 1657, Time: 00:04:24

Health: 19/19      AC:  2    Str:  6    XL:     3   Next: 33%
Magic:  10/10      EV: 13    Int: 19    God:
Gold:   35         SH:  0    Dex: 15    Spells: 5/9 levels left

rFire    . . .     SeeInvis .   a - +0 dagger (venom)
rCold    . . .     Gourm    .   (no shield)
rNeg     . . .     Faith    .   i - +0 robe
rPois    .         Spirit   .   (no helmet)
rElec    .         Reflect  .   (no cloak)
rCorr    .         Harm     .   (no gloves)
MR       .....                  (no boots)
Stlth    ++........             (no amulet)
HPRegen  0.06/turn              (no ring)
MPRegen  0.12/turn              (no ring)

@: no status effects
A: no striking features
a: no special abilities


You were on level 2 of the Dungeon.
You were very hungry.

You visited 1 branch of the dungeon, and saw 2 of its levels.

You collected 35 gold pieces.

Inventory:

Hand Weapons
 a - a +0 dagger of venom (weapon)
Missiles
 g - 27 stones (quivered)
 j - 6 tomahawks
 l - 13 sling bullets
Armour
 i - a +0 robe (worn)
Scrolls
 d - 2 scrolls of identify {unknown}
 f - a scroll of teleportation {unknown}
 h - 2 scrolls of enchant weapon {unknown}
 k - 4 scrolls of blinking {unknown}
 m - a scroll of enchant armour {unknown}
 n - a scroll of immolation {unknown}
Potions
 b - a potion of ambrosia {unknown}
 e - a potion of invisibility {unknown}
Comestibles
 c - 7 rations


   Skills:
 - Level 2.4 Dodging
 - Level 2.4 Stealth
 + Level 3.8 Spellcasting
   Level 1.1 Conjurations
 + Level 4.4 Ice Magic


You had 5 spell levels left.
You knew the following spells:

 Your Spells              Type           Power        Failure   Level  Hunger
a - Freeze                Ice            ###.         2%          1    None
o - Ozocubu's Armour      Chrm/Ice       ##......     17%         3    ###....

Your spell library contained the following spells:

 Spells                   Type           Power        Failure   Level  Hunger
 Throw Frost              Conj/Ice       ##....       7%          2    ##.....
 Throw Icicle             Conj/Ice       ##......     41%         4    ####...
 Summon Ice Beast         Ice/Summ       ##......     50%         4    ####...


Dungeon Overview and Level Annotations

Branches:
Dungeon (2/15)

Altars:
Dithmenos


Message History

Press: ? - help, Shift-Dir - straight line, f/p - worm
Aim: a worm (heavily wounded)
You freeze the worm.
The worm is almost dead.
Casting: Freeze (safe; 2% risk of failure)
Confirm with . or Enter, or press ? or * to list all spells.
Aiming: Freeze (safe; 2% risk of failure)
Press: ? - help, Shift-Dir - straight line, f/p - worm
Aim: a worm (almost dead)
You freeze the worm.
You kill the worm!
You start resting.
Magic restored.
You start resting.
You are feeling hungry.
You start resting.
You are feeling very hungry.
You start resting.
HP restored.
Are you sure you want to abandon this character and quit the game? (Confirm

..........░░░░░░.░░░
░░.░░..░░░.........░░░.░
......................<░
..░➘░..░░░.........░░░.░
.......
░░...░░.░░░░░.░░░ ░.░.b
░..░░░.......... ..➘
░░.░░░.░░░░░░░░.
..░░░░.░░░░░.➘...░
░........e.....░░░
░░░░░░.░░░░░░░░░ ░. ░.
░. ░░


There were no monsters in sight!

Vanquished Creatures
  An adder (D:2)
  A worm (D:2)
  3 leopard geckos
  8 bats
  2 goblins (D:1)
  3 hobgoblins (D:1)
  A quokka (D:2)
  A ball python (D:1)
  A frilled lizard (D:1)
  4 kobolds
  2 rats
27 creatures vanquished.

Notes
Turn   | Place    | Note
-------+----------+-------------------------------------------
     0 | D:1      | utis the Deep Elf Ice Elementalist began the quest for the
                  | Orb.
     0 | D:1      | Reached XP level 1. HP: 10/10 MP: 6/6
   454 | D:1      | Reached skill level 4 in Ice Magic
   454 | D:1      | Reached XP level 2. HP: 15/15 MP: 6/8
  1055 | D:2      | Found a shadowy altar of Dithmenos.
  1068 | D:2      | Found a faded altar of an unknown god.
  1082 | D:2      | Reached XP level 3. HP: 19/19 MP: 6/10
  1263 | D:2      | Learned a level 3 spell: Ozocubu's Armour
  1657 | D:2      | Quit the game

Skill      XL: |  1 |
---------------+----+-----
Ice Magic      | 4 |  4.4
Dodging        | |  2.4
Stealth        | |  2.4
Spellcasting   | |  3.8
Conjurations   | |  1.1

Action                   || total
-------------------------++-------
Melee: Dagger            ||     2
       Unarmed           ||     1
Throw: Stone             ||    20
 Cast: Freeze            ||    44
  Eat: Chunk             ||     1
Armor: Robe              ||     3
Dodge: Dodged            ||    24
